 Dungeon Crawl Stone Soup version 0.17-a0-186-g8d083fd (webtiles) character file.

6338 squibie the Eclecticist (level 10, -4/50 HPs)
             Began as a Deep Elf Wizard on Mar 27, 2015.
             Was a Believer of Ashenzari.
             Killed from afar by a kobold demonologist (15 damage)
             ... with a wand of lightning
             ... on level 11 of the Dungeon.
             The game lasted 01:07:20 (14236 turns).

squibie the Eclecticist (Deep Elf Wizard)          Turns: 14236, Time: 01:07:20

Health: -4/50      AC:  6    Str:  6    XL:     10   Next: 64%
Magic:  1/36       EV: 13    Int: 27    God:    Ashenzari [**....]
Gold:   430        SH:  0    Dex: 13    Spells: 10 memorised, 15 levels left

rFire  . . .     SeeInvis .     H - staff of energy
rCold  . . .     Clarity  .     d - +1 robe of the Soldier {rCorr} (curse)
rNeg   . . .     SustAb   +     (no shield)
rPois  +         Gourm    .     b - +1 hat (curse)
rElec  .         Spirit   .     w - +1 cloak {MR+} (curse)
rCorr  +         Warding  .     (no gloves)
rMut   .         Stasis   .     (no boots)
MR     ++...                    (no amulet)
Stlth  +++.......               N - ring of Ziapiem {SustAb rPois Str+2 Slay+2 Stlth+} (curse)
                                n - ring of wizardry (curse)

@: very slightly contaminated, very resistant to hostile enchantments, fairly
stealthy
A: no striking features
a: Renounce Religion


You were on level 11 of the Dungeon.
You worshipped Ashenzari.
Ashenzari was pleased with you.
You were not hungry.

You visited 1 branch of the dungeon, and saw 11 of its levels.

You collected 430 gold pieces.

Inventory:

Hand weapons
 i - a +0 dagger
 k - a -1 dagger
 v - a +3 quarterstaff of chaos
Missiles
 m - 2 tomahawks (quivered)
 u - a throwing net
Armour
 a - a +0 robe
 b - a cursed +1 hat (worn)
 d - the cursed +1 robe of the Soldier (worn) {rCorr}
   (You found it on level 5 of the Dungeon)

   It protects you from acid and corrosion.
   It has a curse placed upon it.
 w - a cursed +1 cloak of magic resistance (worn)
Magical staves
 H - an uncursed staff of energy (weapon)
Jewellery
 e - an uncursed ring of stealth
 h - an uncursed ring of teleport control
 j - a +2 ring of evasion
 n - a cursed ring of wizardry (left hand)
 N - the cursed ring of Ziapiem (right hand) {SustAb rPois Str+2 Slay+2 Stlth+}
   (You found it on level 9 of the Dungeon)

   [ring of sustain abilities]

   It sustains your strength, intelligence and dexterity.
   It affects your strength (+2).
   It affects your accuracy and damage with ranged weapons and melee attacks
   (+2).
   It protects you from poison.
   It makes you more stealthy.
   It has a curse placed upon it.
Magical devices
 s - a wand of slowing (19)
Scrolls
 g - 7 scrolls of identify
 t - a scroll of enchant weapon
 y - 5 scrolls of enchant armour
 z - 4 scrolls of teleportation {unknown}
 C - 2 scrolls of random uselessness {unknown}
 E - a scroll of immolation {unknown}
 G - a scroll of recharging {unknown}
 L - 2 scrolls of fear {unknown}
 P - 2 scrolls of curse armour
 Q - a scroll of remove curse
Potions
 f - 5 potions of curing
 l - 2 potions of might {unknown}
 o - 2 potions of ambrosia {unknown}
 r - a potion of heal wounds {unknown}
 A - 2 potions of brilliance {unknown}
 D - a potion of agility
 I - a potion of poison {unknown}
 J - a potion of flight {unknown}
 K - 2 potions of haste {unknown}
Books
 c - a book of Minor Magic

   Spells                             Type                      Level
   a - Magic Dart                     Conjuration                  1
   b - Blink                          Translocation                2
   c - Call Imp                       Summoning                    2
   d - Repel Missiles                 Charms/Air                   2
   e - Slow                           Hexes                        2
   f - Conjure Flame                  Conjuration/Fire             3
   g - Mephitic Cloud                 Conjuration/Poison/Air       3
 p - a Grand Grimoire {highlevel}

   This book is beyond your current level of understanding.

   Spells                             Type                      Level
   a - Aura of Abjuration             Summoning                    6
   b - Summon Greater Demon           Summoning                    7
   c - Malign Gateway                 Summoning/Translocation      7
   d - Summon Horrible Things         Summoning                    8
 x - a book of Geomancy

   Spells                             Type                      Level
   a - Sandblast                      Earth                        1
   b - Stoneskin                      Transmutation/Earth          2
   c - Passwall                       Transmutation/Earth          3
   d - Stone Arrow                    Conjuration/Earth            3
   e - Petrify                        Transmutation/Earth          4
   f - Lee's Rapid Deconstruction     Earth                        5
 F - a book of Beasts

   Spells                             Type                      Level
   a - Summon Butterflies             Summoning                    1
   b - Call Canine Familiar           Summoning                    3
   c - Summon Ice Beast               Ice/Summoning                4
   d - Summon Mana Viper              Hexes/Summoning              5
   e - Monstrous Menagerie            Summoning                    6
   f - Summon Hydra                   Summoning                    7
Comestibles
 q - a meat ration
 B - 3 bread rations
 M - 7 slices of pizza


   Skills:
 - Level 2.4(3.6) Dodging
 - Level 2.4(3.6) Stealth
 + Level 17.2 Spellcasting
 - Level 3.0(4.3) Conjurations
 - Level 2.0(3.1) Hexes
 - Level 2.0(3.1) Summonings
 - Level 2.1(3.3) Translocations
 - Level 1.4(2.4) Fire Magic
 - Level 2.0(3.2) Air Magic
 - Level 6.5(8.0) Earth Magic
 - Level 2.0(3.1) Poison Magic


You had 15 spell levels left.
You knew the following spells:

 Your Spells              Type           Power        Failure   Level  Hunger
a - Magic Dart            Conj           ####         1%          1    None
b - Blink                 Tloc           N/A          1%          2    None
c - Call Imp              Summ           #####...     1%          2    None
d - Slow                  Hex            #####...     1%          2    None
e - Mephitic Cloud        Conj/Pois/Air  #####...     1%          3    None
f - Conjure Flame         Conj/Fire      #####...     1%          3    None
g - Stone Arrow           Conj/Erth      ######       1%          3    None
h - Petrify               Trmt/Erth      #####...     1%          4    None
i - Lee's Rapid Deconstr  Erth           ######....   1%          5    None
j - Passwall              Trmt/Erth      #####.....   1%          3    None


Dungeon Overview and Level Annotations

Branches:
Dungeon (11/15)            Temple (0/1) D:7            Lair (0/8) D:10
    Orc (0/4) D:9

Altars:
Ashenzari
Cheibriados
Dithmenos
Gozag
Nemelex Xobeh
Okawaru
Sif Muna
Yredelemnul
The Shining One

Shops:
D:7 [:

Annotations:
D:6 sirdond's ghost, experienced HOFi


Message History

The bolt of lightning hits the iron imp.
The iron imp resists.
The bolt of lightning misses you.
Your crimson imp barely misses the kobold demonologist.
Read which item? (? for menu, Esc to quit)
Blink to where?
Press: ? - help, Dir - move target cursor, p - kobold demonologist You are very lightly contaminated with residual magic.
As you read the scroll of blinking, it crumbles to dust.
The kobold demonologist gestures wildly while chanting.
Your crimson imp hits the kobold demonologist.
Welcome back, squibie the Deep Elf Wizard.
Ashenzari says: Partake of my vision.
Partake of my curse.
Press ? for a list of commands and other information.
The kobold demonologist gestures wildly while chanting.
Your crimson imp barely misses the kobold demonologist.
The kobold demonologist zaps a wand.
The bolt of lightning hits your crimson imp.
Your crimson imp dies!
The bolt of lightning misses you. The bolt of lightning hits you!
You die...

##§.### #..## * * #.##
####'##### * #+###*
#..4.....# .....
#........# *...... ,
#........#
###.......,*
#......3K####.[.......
,
#.†....54'...@#.......
#......55###### .....
, * #...§....# *, ....
, #........# *, ... *
#........# .
#........# ##########


You could see a kobold demonologist, a sixfirhy, a smoke demon, 2 iron imps and
a shadow imp.

Vanquished Creatures
  A kobold demonologist (D:11)
  A troll (D:9)
  6 yaks
  A wyvern (D:8)
  Eustachio (D:6)
  A hungry ghost (D:4)
  2 deep elf fighters
  7 ogres
  2 orc warriors (D:8)
  A phantom (D:8)
  3 centaurs
  2 ice beasts
  A necrophage (D:7)
  2 crocodiles (D:10)
  4 giant frogs
  A wyvern skeleton (D:9)
  A scorpion (D:4)
  14 killer bees
  2 centaur zombies
  A goliath beetle (D:6)
  3 crimson imps
  3 giant frog skeletons
  A giant frog zombie (D:9)
  3 jellies
  Crazy Yiuf (D:4)
  5 orc priests
  2 centaur skeletons
  10 orc wizards
  3 hounds
  6 worker ants
  7 iguanas
  A hound skeleton (D:9)
  A worker ant zombie (D:9)
  A river rat (D:10)
  17 adders
  2 gnolls (D:4)
  2 giant mites
  2 worms
  2 shadow imps
  2 adder zombies
  An adder skeleton (D:7)
  3 giant geckos
  27 orcs
  A ball python (D:1)
  34 bats
  A bat skeleton (D:6)
  4 giant cockroaches (D:1)
  13 goblins
  17 hobgoblins
  15 jackals
  5 quokkas
  4 giant newts
  15 kobolds
  A quokka zombie (D:5)
  27 rats
296 creatures vanquished.

Vanquished Creatures (collateral kills)
  Menkaure (D:4)
  An ogre (D:5)
  A scorpion (D:5)
  3 killer bees
  A giant frog skeleton (D:3)
  An iguana (D:4)
  3 orc wizards (D:6)
  2 gnolls (D:4)
  2 adders
  5 orcs
  A bat (D:10)
  2 giant cockroaches (D:5)
  A goblin (D:4)
  A quokka (D:4)
  A quokka skeleton (D:5)
  2 rats (D:10)
28 creatures vanquished.

Vanquished Creatures (others)
  6 crimson imps
  An iron imp (D:4)
  5 shadow imps
  9 white imps
  A fungus (D:10)
  A plant (D:5)
23 creatures vanquished.

Grand Total: 347 creatures vanquished

Notes
Turn   | Place    | Note
--------------------------------------------------------------
     0 | D:1      | squibie, the Deep Elf Wizard, began the quest for the Orb.
     0 | D:1      | Reached XP level 1. HP: 10/10 MP: 6/6
   216 | D:1      | Reached XP level 2. HP: 15/15 MP: 3/9
   627 | D:1      | Learned a level 2 spell: Blink
   630 | D:1      | Learned a level 2 spell: Call Imp
   633 | D:1      | Learned a level 2 spell: Slow
   749 | D:1      | Reached XP level 3. HP: 19/19 MP: 6/13
   957 | D:1      | Reached skill level 5 in Spellcasting
   973 | D:2      | Learned a level 3 spell: Mephitic Cloud
  1238 | D:2      | Reached skill level 1 in Hexes
  1238 | D:2      | Reached XP level 4. HP: 24/24 MP: 12/17
  1444 | D:2      | Found a snail-covered altar of Cheibriados.
  1513 | D:2      | Found an iron altar of Okawaru.
  1513 | D:2      | Found an opulent altar of Gozag.
  1909 | D:3      | Reached skill level 1 in Air Magic
  1909 | D:3      | Reached XP level 5. HP: 7/28 MP: 1/19
  2123 | D:3      | Learned a level 3 spell: Conjure Flame
  2256 | D:3      | Reached skill level 1 in Poison Magic
  2921 | D:4      | Reached skill level 1 in Fire Magic
  3244 | D:4      | Reached XP level 6. HP: 32/32 MP: 15/21
  3339 | D:4      | Noticed Crazy Yiuf
  3357 | D:4      | Killed Crazy Yiuf
  3539 | D:4      | Reached skill level 6 in Spellcasting
  4173 | D:4      | Reached skill level 7 in Spellcasting
  4254 | D:4      | Noticed Menkaure
  4282 | D:4      | Killed Menkaure
  4282 | D:4      | Reached XP level 7. HP: 36/36 MP: 11/25
  4441 | D:4      | Learned a level 3 spell: Stone Arrow
  4729 | D:5      | Entered Level 5 of the Dungeon
  4735 | D:5      | Reached skill level 1 in Earth Magic
  5335 | D:5      | Got a tattered robe
  5367 | D:5      | Identified the cursed +1 robe of the Soldier {rCorr} (You found it on level 5 of the Dungeon)
  5738 | D:5      | Learned a level 4 spell: Petrify
  5785 | D:5      | Reached skill level 5 in Earth Magic
  6213 | D:5      | Reached XP level 8. HP: 23/41 MP: 11/27
  6418 | D:5      | Reached skill level 8 in Spellcasting
  6632 | D:6      | Noticed sirdond's ghost (experienced HOFi)
  6761 | D:6      | Noticed Eustachio
  6879 | D:6      | Found a shadowy altar of Dithmenos.
  6894 | D:6      | Found a shattered altar of Ashenzari.
  6914 | D:6      | Became a worshipper of Ashenzari the Shackled
  6962 | D:6      | Found a shadowy altar of Dithmenos.
  6978 | D:6      | Killed Eustachio
  6978 | D:6      | Reached skill level 9 in Spellcasting
  7311 | D:6      | Reached skill level 10 in Spellcasting
  7522 | D:6      | Learned a level 5 spell: Lee's Rapid Deconstruction
  8466 | D:7      | Learned a level 3 spell: Passwall
  8480 | D:7      | Found Ekomeirph's Book Shop.
  8534 | D:7      | Found a staircase to the Ecumenical Temple.
  8566 | D:7      | Reached skill level 11 in Spellcasting
  8796 | D:7      | Found Pusyik's Armour Boutique.
  9037 | D:7      | Reached XP level 9. HP: 45/45 MP: 25/31
  9469 | D:8      | Found a glowing golden altar of the Shining One.
  9470 | D:8      | Noticed an angel
  9520 | D:8      | Found a basalt altar of Yredelemnul.
  9521 | D:8      | Noticed a profane servitor
  9545 | D:8      | Reached skill level 12 in Spellcasting
 10124 | D:8      | Reached skill level 13 in Spellcasting
 10223 | D:8      | Found a deep blue altar of Sif Muna.
 10948 | D:8      | Reached skill level 14 in Spellcasting
 11178 | D:9      | Found a staircase to the Orcish Mines.
 11684 | D:9      | Acquired Ashenzari's first power
 11759 | D:9      | Reached skill level 15 in Spellcasting
 11921 | D:9      | Reached XP level 10. HP: 41/50 MP: 23/35
 12507 | D:9      | Identified the ring of Ziapiem {SustAb rPois Str+2 Slay+2 Stlth+}
 12707 | D:10     | Entered Level 10 of the Dungeon
 12796 | D:10     | Reached skill level 16 in Spellcasting
 13219 | D:10     | Found a sparkling altar of Nemelex Xobeh.
 14075 | D:10     | Found a staircase to the Lair.
 14185 | D:11     | Reached skill level 17 in Spellcasting
 14218 | D:11     | Noticed a sixfirhy
 14236 | D:11     | Killed from afar by a kobold demonologist

Action                   |  1- 3 |  4- 6 |  7- 9 | 10-12 || total
-------------------------+-------+-------+-------+-------++-------
Melee: Dagger            |       |     1 |       |       ||     1
       Quarterstaff      |       |     1 |    12 |       ||    13
       Staff             |       |       |     6 |     4 ||    10
 Cast: Magic Dart        |    86 |   200 |   348 |   122 ||   756
       Blink             |       |     4 |    13 |     7 ||    24
       Call Imp          |       |    19 |    33 |     9 ||    61
       Conjure Flame     |       |    10 |    14 |     5 ||    29
       Mephitic Cloud    |       |     2 |    10 |     6 ||    18
       Stone Arrow       |       |       |    99 |    55 ||   154
       Slow              |       |       |     2 |       ||     2
       Petrify           |       |       |     3 |     1 ||     4
       Lee's Rapid Decon |       |       |    13 |     6 ||    19
       Passwall          |       |       |       |     2 ||     2
  Use: Scroll            |       |     5 |     6 |     4 ||    15
       Potion            |       |       |     1 |       ||     1
 Stab: Confused          |       |       |     1 |       ||     1
  Eat: Chunk             |     1 |     8 |     9 |     6 ||    24
       Pizza             |       |     1 |       |     1 ||     2
       Bread ration      |       |       |     3 |       ||     3
       Meat ration       |       |       |     1 |       ||     1
